 Dungeon Crawl Stone Soup version 0.20.0-15-g7f486f2 (webtiles) character file.

72 jerryfan the Conjurer (level 4, -8/33 HPs)
             Began as a Draconian Conjurer on June 10, 2017.
             Mangled by Sigmund
             ... wielding a +0 scythe
              (11 damage)
             ... on level 3 of the Dungeon.
             The game lasted 00:10:15 (1974 turns).

jerryfan the Conjurer (Draconian Conjurer)          Turns: 1974, Time: 00:10:15

Health: -8/33      AC:  5    Str: 10    XL:     4   Next: 6%
Magic:  2/7        EV: 12    Int: 16    God:
Gold:   67         SH:  0    Dex: 12    Spells: 4/7 levels left

rFire    . . .     SeeInvis .   d - +0 dagger
rCold    . . .     Gourm    .   (no shield)
rNeg     . . .     Faith    .   (armour unavailable)
rPois    .         Spirit   .   (helmet restricted)
rElec    .         Reflect  .   (no cloak)
rCorr    .         Harm     .   (no gloves)
MR       .....                  (no boots)
Stlth    ++........             (no amulet)
Regen    0.2/turn               (no ring)
MPRegen  0.1/turn               (no ring)

@: no status effects
A: unfitting armour, cold-blooded, AC +5
a: no special abilities


You were on level 3 of the Dungeon.
You were not hungry.

You visited 1 branch of the dungeon, and saw 3 of its levels.

You collected 67 gold pieces.

Inventory:

Hand Weapons
 d - a +0 dagger (weapon)
Wands
 v - a wand of random effects (26/48)
Scrolls
 e - a scroll of enchant armour {unknown}
 h - 3 scrolls of identify
 i - a scroll of remove curse {unknown}
 j - a scroll of fear {unknown}
 k - a scroll of teleportation {unknown}
 n - a scroll of fog {unknown}
 r - a scroll of immolation {unknown}
 u - a scroll of amnesia {unknown}
 w - a scroll of blinking {unknown}
Potions
 c - a potion of ambrosia {unknown}
 g - 2 potions of agility {unknown}
 l - a potion of might {unknown}
 m - a potion of resistance {unknown}
 p - 4 potions of curing {unknown}
 s - a potion of flight {unknown}
 t - a potion of lignification {unknown}
Books
 a - a book of Conjurations

   Spells                             Type                      Level
   a - Magic Dart                     Conjuration                  1
   b - Searing Ray                    Conjuration                  2
   c - Dazzling Spray                 Conjuration/Hexes            3
   d - Fulminant Prism                Conjuration/Hexes            4
   e - Force Lance                    Conjuration/Translocation    4
   f - Iskenderun's Mystic Blast      Conjuration                  4
Comestibles
 b - a bread ration
 f - 4 meat rations
 o - 3 royal jellies
 q - 3 chunks of flesh


   Skills:
 + Level 0.2 Fighting
 * Level 1.4 Short Blades
 + Level 2.3 Dodging
 + Level 2.1 Stealth
 + Level 2.3 Spellcasting
 + Level 4.5 Conjurations


You had 4 spell levels left.
You knew the following spells:

 Your Spells              Type           Power        Failure   Level  Hunger
a - Magic Dart            Conj           ###.         3%          1    #......
b - Searing Ray           Conj           ###...       4%          2    ###....


Dungeon Overview and Level Annotations

Branches:
Dungeon (3/15)

Altars:
Elyvilon
Okawaru
Sif Muna
Zin

Annotations:
D:3 Sigmund


Innate Abilities, Weirdness & Mutations

Your plain brown scales are hard. (AC +5)
You cannot fit into any form of body armour.
You are cold-blooded and may be slowed by cold attacks.


Message History

Aim: Sigmund, wielding a scythe and wearing a robe The searing ray hits Sigmund.
Sigmund is lightly wounded. (Press . to maintain the ray.)
The searing ray hits Sigmund.
Sigmund is lightly wounded.
Sigmund casts a spell.
Sigmund flickers and vanishes!
Deactivating autopickup; reactivate with Ctrl-A.
Something hits you!
The searing ray hits something.
You finish channeling your searing ray.
Something hits you!
You hit something. Something hits you.
* * * LOW HITPOINT WARNING * * *
You miss something. Something hits you.
* * * LOW HITPOINT WARNING * * *
You hit something. You hit something but do no damage.
Your tail-slap misses something.
Something hits you!
You die...

.#.##.#
#.#
......#
#.#
.#.####
#.# #.#
#.# #.#
#.# #.#
#@# #.#
#.# #.#
#.#####
#.#
#.{@..#
##.#
###.#.#
...#
#...#
####
##....
#####


There were no monsters in sight!

Vanquished Creatures
  An adder (D:2)
  An ooze (D:2)
  A worm (D:2)
  A dart slug (D:2)
  2 leopard geckos
  6 bats
  3 giant cockroaches
  A goblin (D:1)
  3 hobgoblins
  10 jackals
  A quokka (D:2)
  3 frilled lizards
  5 kobolds
  10 rats
48 creatures vanquished.

Notes
Turn   | Place    | Note
-------+----------+-------------------------------------------
     0 | D:1      | jerryfan the Draconian Conjurer began the quest for the Orb.
     0 | D:1      | Reached XP level 1. HP: 14/14 MP: 3/3
   443 | D:1      | Reached XP level 2. HP: 20/20 MP: 3/5
   911 | D:2      | Found a glowing silver altar of Zin.
   938 | D:2      | Found a deep blue altar of Sif Muna.
  1034 | D:2      | Learned a level 2 spell: Searing Ray
  1076 | D:2      | Reached skill level 1 in Short Blades
  1076 | D:2      | Reached XP level 3. HP: 5/26 MP: 2/6
  1652 | D:2      | Found an iron altar of Okawaru.
  1752 | D:3      | Found a white marble altar of Elyvilon.
  1897 | D:3      | Reached XP level 4. HP: 33/33 MP: 3/7
  1948 | D:3      | Noticed Sigmund
  1974 | D:3      | Mangled by Sigmund

Skill      XL: |  1  2  3 |
---------------+----------+-----
Dodging        | 2 |  2.3
Short Blades   | 1 |  1.4
Stealth        | 2 |  2.1
Fighting       | |  0.2
Spellcasting   | |  2.3
Conjurations   | |  4.5

Action                   |  1- 3 |  4- 6 || total
-------------------------+-------+-------++-------
Melee: Unarmed           |    18 |       ||    18
       Dagger            |    95 |    32 ||   127
       Tailslap          |    16 |     4 ||    20
 Cast: Magic Dart        |    54 |     3 ||    57
       Searing Ray       |     4 |     1 ||     5
  Use: Scroll            |     1 |       ||     1
 Stab: Sleeping          |     1 |       ||     1
  Eat: Chunk             |     4 |     1 ||     5
Armor: Skin              |    25 |    14 ||    39
Dodge: Dodged            |    67 |    25 ||    92
